3AAA
SUNSET DISTRICT FOG @ HIALEAH DODOS
05/03/2030
 
TOP OF THE 1ST
Sunset District Fog batting - Pitching for Hialeah Dodos : LHP Miguel López
Pitching: LHP Miguel López
Batting: RHB Diego Rodríguez 0-0: Swinging Strike
0-1: Called Strike
0-2: Strikes out swinging
Batting: RHB José Vargas 0-0: Foul Ball, location: 2F
0-1: Foul Ball, location: 2F
0-2: Ball
1-2: Ball
2-2: Ball
3-2: Base on Balls
Batting: RHB Colin O'Connell 0-0: Ball
1-0: Called Strike
1-1: Grounds into double play, 6-4-3 (Groundball, 6)
Top of the 1st over - 0 runs, 0 hits, 0 errors, 0 left on base; Sunset District 0 - Hialeah 0
BOTTOM OF THE 1ST
Hialeah Dodos batting - Pitching for Sunset District Fog : RHP Burm Snart
Pitching: RHP Burm Snart
Batting: RHB Jack Head 0-0: Ball
1-0: Foul Ball, location: 2F
1-1: Ball
2-1: Called Strike
2-2: Foul Ball, location: 2F
2-2: Ball
3-2: Foul Ball, location: 2F
3-2: DOUBLE (Flyball, 8LXD)
Batting: LHB Cole Thrash 0-0: Called Strike
0-1: Ball
1-1: Foul Ball, location: 2F
1-2: Ball
2-2: Strikes out looking
Batting: LHB Raúl Aguirre 0-0: Ball
1-0: SINGLE (Line Drive, 89M)
Jack Head to third
Batting: LHB Atílio Mansilhas 0-0: Called Strike
0-1: Foul Ball, location: 2F
0-2: Strikes out swinging
Batting: RHB Kumanosuke Asano 0-0: Called Strike
0-1: Foul Ball, location: 2F
0-2: Ball
1-2: Strikes out looking
Bottom of the 1st over - 0 runs, 2 hits, 0 errors, 2 left on base; Sunset District 0 - Hialeah 0
TOP OF THE 2ND
Sunset District Fog batting - Pitching for Hialeah Dodos : LHP Miguel López
Batting: RHB Armando Rodríguez 0-0: Foul Ball, location: 2F
0-1: Swinging Strike
0-2: SINGLE (Line Drive, 9S)
Batting: RHB Simon Yusaf Khel 0-0: Fly out, F7 (Flyball, 78M)
Batting: LHB Enrique Vásquez 0-0: Called Strike
0-1: Ball
1-1: Ball
2-1: Called Strike
2-2: SINGLE (Groundball, 34D)
Armando Rodríguez to second
Runner from 2nd tries for 3rd, SAFE, no throw
Batting: SHB Orlando Villa 0-0: Ball
1-0: Foul Ball, location: 2F
1-1: Swinging Strike
1-2: Ball
2-2: SINGLE (Groundball, 34D)
Armando Rodríguez scores
Enrique Vásquez to second
Runner from 2nd tries for 3rd, SAFE, no throw
Batting: LHB Pedro Tapia 0-0: Foul Ball, location: 2F
0-1: Swinging Strike
0-2: Ball
1-2: SINGLE (Line Drive, 34D)
Enrique Vásquez scores
Orlando Villa to second
Runner from 2nd tries for 3rd, OUT!
Batting: RHB Esteban Vázquez 0-0: Ball
1-0: SINGLE (Groundball, 6MD)
Pedro Tapia to second
Runner from 2nd tries for 3rd, OUT after rundown.
Top of the 2nd over - 2 runs, 5 hits, 0 errors, 1 left on base; Sunset District 2 - Hialeah 0
BOTTOM OF THE 2ND
Hialeah Dodos batting - Pitching for Sunset District Fog : RHP Burm Snart
Batting: RHB Aurelio Álvarez 0-0: Ball
1-0: Ball
2-0: Ball
3-0: Called Strike
3-1: Foul Ball, location: 2F
3-2: Fly out, F4 (Line Drive, 4)
Batting: LHB Errol Levick 0-0: Ball
1-0: Called Strike
1-1: Ball
2-1: SINGLE (Line Drive, 9LS)
Batting: RHB Cam MacIntosh 0-0: Ball
1-0: Called Strike
1-1: Grounds into double play, 6-4-3 (Groundball, 6)
Bottom of the 2nd over - 0 runs, 1 hit, 0 errors, 0 left on base; Sunset District 2 - Hialeah 0
TOP OF THE 3RD
Sunset District Fog batting - Pitching for Hialeah Dodos : LHP Miguel López
Batting: RHB Diego Rodríguez 0-0: Ball
1-0: Called Strike
1-1: Foul Ball, location: 2F
1-2: Foul Ball, location: 2F
1-2: Ball
2-2: DOUBLE (Flyball, 78D)
Batting: RHB José Vargas 0-0: Fly out, F9 (Flyball, 89M)
Batting: RHB Colin O'Connell 0-0: Fly out, F7 (Flyball, 7D)
Batting: RHB Armando Rodríguez 0-0: Called Strike
0-1: Foul Ball, location: 2F
0-2: Ball
1-2: Ball
2-2: Ground out 5-3 (Groundball, 56S)
Top of the 3rd over - 0 runs, 1 hit, 0 errors, 1 left on base; Sunset District 2 - Hialeah 0
BOTTOM OF THE 3RD
Hialeah Dodos batting - Pitching for Sunset District Fog : RHP Burm Snart
Batting: RHB Robert Emmet Odlum 0-0: Ball
1-0: Foul Ball, location: 2F
1-1: Ball
2-1: Swinging Strike
2-2: Fly out, F3 (Popup, 3SF)
Batting: RHB Jack Head 0-0: Foul Ball, location: 2F
0-1: Foul Ball, location: 2F
0-2: Ball
1-2: Ball
2-2: Ball
3-2: Ground out 5-3 (Groundball, 56)
Batting: LHB Cole Thrash 0-0: Ball
1-0: Ground out 6-3 (Groundball, 6)
Bottom of the 3rd over - 0 runs, 0 hits, 0 errors, 0 left on base; Sunset District 2 - Hialeah 0
TOP OF THE 4TH
Sunset District Fog batting - Pitching for Hialeah Dodos : LHP Miguel López
Batting: RHB Simon Yusaf Khel 0-0: Ball
1-0: Foul Ball, location: 2F
1-1: Called Strike
1-2: SINGLE (Groundball, 56D)
Batting: LHB Enrique Vásquez 0-0: Ball
1-0: Foul Ball, location: 2F
1-1: Swinging Strike
1-2: Ball
2-2: Strikes out swinging
Batting: SHB Orlando Villa 0-0: Ball
1-0: Foul Ball, location: 2F
1-1: Ball
2-1: Swinging Strike
2-2: Ball
3-2: Base on Balls
Simon Yusaf Khel to second
Batting: LHB Pedro Tapia 0-0: Called Strike
0-1: Ball
1-1: Ball
2-1: Ball
3-1: Foul Ball, location: 2F
3-2: Foul Ball, location: 2F
3-2: SINGLE (Flyball, 7S)
Simon Yusaf Khel to third
Orlando Villa to second
Runner from 3rd tries for Home, SAFE, no throw
Pitching: RHP Artie Chávez
Batting: RHB Esteban Vázquez 0-0: SINGLE (Groundball, 56S) (infield hit)
Orlando Villa to third
Pedro Tapia to second
Batting: RHB Diego Rodríguez 0-0: Called Strike
0-1: Foul Ball, location: 2F
0-2: Fielders Choice at 2nd, 6-4 (Groundball, 56)
Orlando Villa scores
Pedro Tapia to third
Batting: RHB José Vargas 0-0: Ball
1-0: Ball
2-0: Fly out, F6 (Popup, 4MD)
Top of the 4th over - 2 runs, 3 hits, 0 errors, 2 left on base; Sunset District 4 - Hialeah 0
BOTTOM OF THE 4TH
Hialeah Dodos batting - Pitching for Sunset District Fog : RHP Burm Snart
Batting: LHB Raúl Aguirre 0-0: Ball
1-0: Foul Ball, location: 2F
1-1: Foul Ball, location: 2F
1-2: Ball
2-2: Foul Ball, location: 2F
2-2: Ball
3-2: Fly out, F4 (Line Drive, 4)
Batting: LHB Atílio Mansilhas 0-0: Ball
1-0: Called Strike
1-1: Foul Ball, location: 2F
1-2: Foul Ball, location: 2F
1-2: Ball
2-2: Foul Ball, location: 2F
2-2: Foul Ball, location: 2F
2-2: Ball
3-2: Strikes out looking
Batting: RHB Kumanosuke Asano 0-0: Called Strike
0-1: Foul Ball, location: 2F
0-2: Ball
1-2: Strikes out swinging
Bottom of the 4th over - 0 runs, 0 hits, 0 errors, 0 left on base; Sunset District 4 - Hialeah 0
TOP OF THE 5TH
Sunset District Fog batting - Pitching for Hialeah Dodos : RHP Artie Chávez
Batting: RHB Colin O'Connell 0-0: Called Strike
0-1: SINGLE (Groundball, 56D)
Batting: RHB Armando Rodríguez 0-0: Called Strike
0-1: Called Strike
0-2: Strikes out looking
Batting: RHB Simon Yusaf Khel 0-0: Ball
1-0: Foul Ball, location: 2F
1-1: Foul Ball, location: 2F
1-2: Foul Ball, location: 2F
1-2: Foul Ball, location: 2F
1-2: Ball
2-2: Ground out 5-3 (Groundball, 56S)
Colin O'Connell to second
Batting: LHB Enrique Vásquez 0-0: Foul Ball, location: 2F
0-1: Swinging Strike
0-2: Ball
1-2: SINGLE (Groundball, 4MD)
Colin O'Connell to third
Runner from 3rd tries for Home, throw and OUT!
Top of the 5th over - 0 runs, 2 hits, 0 errors, 1 left on base; Sunset District 4 - Hialeah 0
BOTTOM OF THE 5TH
Hialeah Dodos batting - Pitching for Sunset District Fog : RHP Burm Snart
Batting: RHB Aurelio Álvarez 0-0: Ball
1-0: SINGLE (Groundball, 5D)
Batting: LHB Errol Levick 0-0: Ball
1-0: Ball
2-0: Foul Ball, location: 2F
2-1: Grounds into double play, 4-6-3 (Groundball, 4M)
Batting: RHB Cam MacIntosh 0-0: Ball
1-0: Swinging Strike
1-1: SINGLE (Line Drive, 78S)
Pitching: RHP Bryan McKinney
Batting: RHB Robert Emmet Odlum 0-0: Ball
1-0: Called Strike
Throwing error on steal attempt, E2
Cam MacIntosh to third
1-1: Called Strike
1-2: Foul Ball, location: 2F
1-2: Foul Ball, location: 2F
1-2: Fly out, F8 (Flyball, 8LD)
Bottom of the 5th over - 0 runs, 2 hits, 1 error, 1 left on base; Sunset District 4 - Hialeah 0
TOP OF THE 6TH
Sunset District Fog batting - Pitching for Hialeah Dodos : RHP Artie Chávez
Batting: SHB Orlando Villa 0-0: SINGLE (Line Drive, 6MD)
Batting: LHB Pedro Tapia 0-0: SINGLE (Groundball, 15S) (infield hit)
Orlando Villa to second
Batting: RHB Esteban Vázquez 0-0: Bunted foul
0-1: Bunt missed!
0-2: Foul Ball, location: 2F
0-2: Foul Ball, location: 2F
0-2: Ball
1-2: Ball
2-2: Foul Ball, location: 2F
2-2: Ball
3-2: Base on Balls
Orlando Villa to third
Pedro Tapia to second
Batting: RHB Diego Rodríguez 0-0: Ball
1-0: Foul Ball, location: 2F
1-1: Ball
2-1: Ball
3-1: Called Strike
3-2: SINGLE (Groundball, 56D)
Orlando Villa scores
Pedro Tapia to third
Esteban Vázquez to second
Batting: RHB José Vargas 0-0: Called Strike
0-1: Swinging Strike
0-2: Ball
1-2: Foul Ball, location: 2F
1-2: Reached on error, E5 (Groundball, 5)
Pedro Tapia scores
Esteban Vázquez to third
Diego Rodríguez to second
Batting: RHB Colin O'Connell 0-0: Ball
1-0: Fly out, F6 (Line Drive, 6)
Batting: RHB Armando Rodríguez 0-0: Foul Ball, location: 2F
0-1: Foul Ball, location: 2F
0-2: SINGLE (Groundball, 23) (infield hit)
Esteban Vázquez scores
Diego Rodríguez to third
José Vargas to second
Batting: RHB Simon Yusaf Khel 0-0: Ball
1-0: Fielders Choice at 3rd, U5 (Groundball, 5L)
Diego Rodríguez scores
Armando Rodríguez to second
Batting: LHB Enrique Vásquez 0-0: Called Strike
0-1: Ball
1-1: Ball
Wild Pitch!
Armando Rodríguez to third
Simon Yusaf Khel to second
2-1: Foul Ball, location: 2F
2-2: Ball
3-2: Foul Ball, location: 2F
3-2: Ground out 4-3 (Groundball, 4)
Top of the 6th over - 4 runs, 4 hits, 1 error, 2 left on base; Sunset District 8 - Hialeah 0
BOTTOM OF THE 6TH
Hialeah Dodos batting - Pitching for Sunset District Fog : RHP Bryan McKinney
Batting: RHB Jack Head 0-0: Called Strike
0-1: Ground out 1-3 (Groundball, 13S)
Batting: LHB Cole Thrash 0-0: Called Strike
0-1: Called Strike
0-2: Strikes out swinging
Batting: LHB Raúl Aguirre 0-0: Called Strike
0-1: Ball
1-1: Ball
2-1: Swinging Strike
2-2: Fly out, F6 (Line Drive, 6)
Bottom of the 6th over - 0 runs, 0 hits, 0 errors, 0 left on base; Sunset District 8 - Hialeah 0
TOP OF THE 7TH
Sunset District Fog batting - Pitching for Hialeah Dodos : RHP Artie Chávez
Batting: SHB Orlando Villa 0-0: Ball
1-0: Ball
2-0: SINGLE (Line Drive, 34)
Pitching: RHP Roberto Gómez
Batting: LHB Pedro Tapia 0-0: Foul Ball, location: 2F
0-1: Ball
1-1: Ground out 4-3 (Groundball, 34)
Orlando Villa to second
Batting: RHB Esteban Vázquez 0-0: Called Strike
0-1: Ball
1-1: Foul Ball, location: 2F
1-2: Ball
2-2: Fly out, F8 (Flyball, 8LM)
Runner from 2nd tags up, SAFE at 3rd with throw
Batting: RHB Diego Rodríguez 0-0: Ball
1-0: Swinging Strike
1-1: Called Strike
1-2: Ball
2-2: Foul Ball, location: 2F
2-2: Foul Ball, location: 2F
2-2: Foul Ball, location: 2F
2-2: Strikes out looking
Top of the 7th over - 0 runs, 1 hit, 0 errors, 1 left on base; Sunset District 8 - Hialeah 0
BOTTOM OF THE 7TH
Hialeah Dodos batting - Pitching for Sunset District Fog : RHP Bryan McKinney
Batting: LHB Atílio Mansilhas 0-0: Ball
1-0: Foul Ball, location: 2F
1-1: Foul Ball, location: 2F
1-2: Foul Ball, location: 2F
1-2: Ball
2-2: Ball
3-2: Foul Ball, location: 2F
3-2: Base on Balls
Batting: RHB Kumanosuke Asano 0-0: Ball
1-0: Called Strike
1-1: Ball
2-1: Foul Ball, location: 2F
2-2: Ball
3-2: Strikes out swinging
Pitching: LHP Emílio Mavarro
Batting: RHB Aurelio Álvarez 0-0: Ball
1-0: Fly out, F7 (Line Drive, 7D)
Batting: LHB Errol Levick 0-0: Called Strike
0-1: Foul Ball, location: 2F
0-2: Strikes out swinging
Bottom of the 7th over - 0 runs, 0 hits, 0 errors, 1 left on base; Sunset District 8 - Hialeah 0
TOP OF THE 8TH
Sunset District Fog batting - Pitching for Hialeah Dodos : RHP Roberto Gómez
Batting: RHB José Vargas 0-0: Ball
1-0: Called Strike
1-1: Ground out 4-3 (Groundball, 4)
Batting: RHB Colin O'Connell 0-0: Called Strike
0-1: Ball
1-1: Fly out, F7 (Flyball, 78S)
Batting: RHB Armando Rodríguez 0-0: Called Strike
0-1: Ball
1-1: Ball
2-1: Ground out 6-3 (Groundball, 6S)
Top of the 8th over - 0 runs, 0 hits, 0 errors, 0 left on base; Sunset District 8 - Hialeah 0
BOTTOM OF THE 8TH
Hialeah Dodos batting - Pitching for Sunset District Fog : LHP Emílio Mavarro
Batting: RHB Cam MacIntosh 0-0: Ball
1-0: Swinging Strike
1-1: Fly out, F9 (Flyball, 9)
Batting: RHB Robert Emmet Odlum 0-0: Called Strike
0-1: SINGLE (Groundball, 34S) (infield hit)
Batting: RHB Jack Head 0-0: Ball
1-0: Foul Ball, location: 2F
1-1: Called Strike
1-2: Strikes out swinging
Batting: LHB Cole Thrash 0-0: Called Strike
0-1: Foul Ball, location: 2F
0-2: SINGLE (Line Drive, 4MD)
Robert Emmet Odlum to second
Runner from 2nd tries for 3rd, SAFE, throw made to third
Batting: LHB Raúl Aguirre 0-0: Ball
1-0: Foul Ball, location: 2F
1-1: Foul Ball, location: 2F
1-2: Ball
2-2: Ground out U3 (Groundball, 3)
Bottom of the 8th over - 0 runs, 2 hits, 0 errors, 2 left on base; Sunset District 8 - Hialeah 0
TOP OF THE 9TH
Sunset District Fog batting - Pitching for Hialeah Dodos : RHP Roberto Gómez
Batting: RHB Simon Yusaf Khel 0-0: Swinging Strike
0-1: Foul Ball, location: 2F
0-2: Fly out, F9 (Flyball, 9)
Batting: LHB Enrique Vásquez 0-0: Ball
1-0: Ball
2-0: Foul Ball, location: 2F
2-1: SINGLE (Line Drive, 78M)
Batting: SHB Orlando Villa 0-0: Ball
1-0: Fly out, F5 (Popup, 5F)
Batting: LHB Pedro Tapia 0-0: Swinging Strike
0-1: Ball
1-1: Ball
2-1: Ball
3-1: Ground out 5-3 (Groundball, 56)
Top of the 9th over - 0 runs, 1 hit, 0 errors, 1 left on base; Sunset District 8 - Hialeah 0
BOTTOM OF THE 9TH
Hialeah Dodos batting - Pitching for Sunset District Fog : LHP Emílio Mavarro
Now at 1B: Albert Sánchez
Now at SS: Esteban Lugo
Batting: LHB Atílio Mansilhas 0-0: SOLO HOME RUN (Flyball, 9D), Distance : 378 ft
Batting: RHB Kumanosuke Asano 0-0: Ball
1-0: Ball
2-0: Foul Ball, location: 2F
2-1: Ball
3-1: Base on Balls
Batting: RHB Aurelio Álvarez 0-0: Called Strike
0-1: Swinging Strike
0-2: Ball
1-2: Ball
2-2: Ball
3-2: Fly out, F3 (Line Drive, 34)
Lined into DP, U3 (Line Drive, 34)
Batting: LHB Errol Levick 0-0: Ball
1-0: Fly out, F8 (Flyball, 8RD)
Bottom of the 9th over - 1 run, 1 hit, 0 errors, 0 left on base; Sunset District 8 - Hialeah 1
Sunday, March 18th, 2018 - OOTP Baseball 18.8 Build 76